 Dungeon Crawl Stone Soup version 0.31-a0-716-gc7603755dd (webtiles) character file.

Game seed: 5520236916298340038

2280 cforsyth the Fighter (level 9, -6/72 HPs)
             Began as a Djinni Chaos Knight on Sept 10, 2023.
             Was a Plaything of Xom.
             Mangled by a wight
             ... wielding a +0 spear
              (7 damage)
             ... on level 7 of the Dungeon.
             The game lasted 00:12:52 (5675 turns).

cforsyth the Fighter (Djinni Chaos Knight)          Turns: 5675, Time: 00:12:52

Health: -6/72      AC: 11    Str:  7    XL:     9   Next: 66%
Gold:   378        EV: 11    Int: 17    God:    Xom [...*..] SH:  0 Dex: 16

rFire   + + .        v - +6 mace of Moderation {freeze, rN++ Str-2}
rCold   x . .        (no shield)
rNeg    + + .        b - +2 leather armour
rPois   ∞            s - +2 helmet
rElec   .            m - +1 cloak
rCorr   .            h - +0 pair of gloves
SInv    .            (boots unavailable)
Will    .....        (no amulet)
Stlth   ++           (no ring)
HPRegen 0.32/turn    (no ring)
MPRegen 0.00/turn

%: infuse magic (-7 HP)
@: flying
A: sickness immunity, fire resistance 2, cold vulnerability 1, float, innate
caster, HP casting, extra vitality 1, thin skeletal structure 1, weak 1, wild
magic 1, inability to drink after injury 1, noise suppression
a: Renounce Religion


You were on level 7 of the Dungeon.
You worshipped Xom.
You were a favourite toy of Xom.
You visited 1 branch of the dungeon, and saw 7 of its levels.
You also visited: Sewer.

You collected 378 gold pieces.

Inventory:

Hand Weapons
 a - a +0 falchion of chaos
 i - a +2 whip of venom
 v - the +6 mace of Moderation (weapon) {freeze, rN++ Str-2}
   (You found it on level 4 of the Dungeon)

   Str-2:     It affects your strength (-2).
   rN++:      It greatly protects you from negative energy.
Armour
 b - a +2 leather armour (worn)
 h - a +0 pair of gloves (worn)
 m - a +1 cloak (worn)
 s - a +2 helmet (worn)
Wands
 c - a wand of charming (6)
 u - a wand of digging (5)
 x - a wand of flame (18)
Scrolls
 d - a scroll of vulnerability
 e - a scroll of identify
 f - a scroll of silence
 j - 3 scrolls of teleportation
 r - 2 scrolls of noise
 w - 2 scrolls of revelation
 y - a scroll of poison
 z - 2 scrolls of fear {unknown}
Potions
 g - 4 potions of enlightenment
 k - 3 potions of curing
 l - a potion of mutation
 n - 3 potions of lignification
 o - a potion of heal wounds
 p - a potion of haste
 q - a potion of resistance
 t - 2 potions of brilliance


   Skills:
 + Level 9.2 Fighting
 - Level 2.6 Long Blades
 - Level 1.0 Armour
 - Level 2.1 Dodging
 + Level 6.3 Spellcasting
 + Level 6.3 Conjurations
 + Level 6.3 Hexes
   Level 0.0 Charms
 + Level 6.3 Summonings
 + Level 6.3 Necromancy
 + Level 6.3 Translocations
 + Level 6.3 Transmutations
 + Level 6.3 Fire Magic
 + Level 6.3 Ice Magic
 + Level 6.3 Air Magic
 + Level 6.3 Earth Magic
 + Level 6.3 Poison Magic


You knew the following spells:

 Your Spells              Type           Power      Damage    Failure   Level
a - Slow                  Hex            100%       N/A       2%          1
b - Jinxbite              Hex            70%        N/A       3%          2
c - Momentum Strike       Conj/Tloc      70%        3d9       3%          2
d - Gell's Gravitas       Tloc           35%        N/A       7%          3
Your spell library was empty.

Dungeon Overview and Level Annotations

Branches:
Dungeon (7/15)              Sewer (visited)
 Temple: D:4-7

Altars:
Uskayaw
Xom

Shops:
D:6 (


Innate Abilities, Weirdness & Mutations

You are immune to sickness and miasma.
You are immune to poison.
Your flesh is very heat resistant. (rF++)
You are vulnerable to cold. (rC-)
You float through the air rather than walking.
You learn spells naturally, not from books.
Your magical power is your life essence.
You have superior vitality. (+4 MHP)
You have a somewhat thin skeletal structure. (Dex +2, Stealth+)
You are weak. (Str -2)
Your spells are a little harder to cast, but a little more powerful.
You occasionally lose the ability to drink potions when taking damage.
You passively dampen the noise of your surroundings.


Message History

You are too injured to fight recklessly!
You sock the wight!
You destroy the wight!
The wight hits you but does no damage.
Found a stone staircase leading down.
The wight hits you with a +0 spear.
* * * LOW HITPOINT WARNING * * *
Items here: )) [[.
Unknown command.
Unknown command.
You hit the wight.
The wight is moderately damaged.
The wight hits you with a +0 spear.
* * * LOW HITPOINT WARNING * * *
You barely miss the wight.
The wight is moderately damaged.
The wight hits you with a +0 spear.
* * * LOW HITPOINT WARNING * * *
The wight hits you with a +0 spear.
* * * LOW HITPOINT WARNING * * *
You sock the wight!
The wight is severely damaged.
The wight hits you with a +0 spear.
* * * LOW HITPOINT WARNING * * *
You hit the wight.
The wight is almost destroyed.
The wight hits you but does no damage. x2
You closely miss the wight.
The wight is almost destroyed.
The wight hits you with a +0 spear!
* * * LOW HITPOINT WARNING * * *
Xom thinks this is hilarious!
You closely miss the wight.
The wight is almost destroyed.
The wight barely misses you.
You hit the wight but do no damage.
The wight is almost destroyed.
The wight hits you with a +0 spear.
* * * LOW HITPOINT WARNING * * *
The wight hits you with a +0 spear!
You die...

...###############
...# #..........#
...####.########.#
###.......# #.#
#.......# #.#
#.......# #.#
#.......# #.#
#####..... #.#
####### #@#
.......z..>#
####.###.#.# # .#
# .# .# .# .#


You could see a wight.

Vanquished Creatures
  Sigmund (D:4)
  Eustachio (D:6)
  An ice beast (D:6)
  2 black bears (D:6)
  A centaur (D:6)
  A phantom (D:5)
  A bullfrog (D:6)
  3 scorpions
  2 wights (D:7)
  A howler monkey (D:5)
  3 orc priests (D:4)
  A sleepcap (D:6)
  3 hounds
  6 iguanas
  A sickly merfolk siren (Sewer)
  A malarious merfolk avatar (Sewer)
  3 river rats
  6 adders
  2 dart slugs
  2 worms
  24 orcs
  7 bats
  7 endoplasms
  6 giant cockroaches
  2 goblins (D:1)
  6 hobgoblins
  13 jackals
  5 kobolds
  8 quokkas
  12 ball pythons
  9 frilled lizards
  33 rats
174 creatures vanquished.

Vanquished Creatures (collateral kills)
  Pikel (D:5)
  An ice beast (D:6)
2 creatures vanquished.

Vanquished Creatures (others)
  A river rat (D:6)
1 creature vanquished.

Grand Total: 177 creatures vanquished

Notes
Turn   | Place    | Note
-------+----------+-------------------------------------------
     0 | D:1      | cforsyth the Djinni Chaos Knight began the quest for the
                  | Orb.
     0 | D:1      | Reached XP level 1. HP: 20/20 MP: 0/0
    65 | D:1      | Reached XP level 2. HP: 21/25 MP: 0/0
   169 | D:1      | Reached skill level 1 in Spellcasting
   169 | D:1      | Reached skill level 1 in Conjurations
   169 | D:1      | Reached skill level 1 in Hexes
   169 | D:1      | Reached skill level 1 in Summonings
   169 | D:1      | Reached skill level 1 in Necromancy
   169 | D:1      | Reached skill level 1 in Translocations
   169 | D:1      | Reached skill level 1 in Transmutations
   169 | D:1      | Reached skill level 1 in Fire Magic
   169 | D:1      | Reached skill level 1 in Ice Magic
   169 | D:1      | Reached skill level 1 in Air Magic
   169 | D:1      | Reached skill level 1 in Earth Magic
   169 | D:1      | Reached skill level 1 in Poison Magic
   227 | D:1      | Reached XP level 3. HP: 12/30 MP: 0/0
   227 | D:1      | Learned a level 1 spell: Slow
  1077 | D:2      | Reached XP level 4. HP: 37/37 MP: 0/0
  1215 | D:2      | Reached skill level 4 in Fighting
  1772 | D:3      | Reached XP level 5. HP: 27/41 MP: 0/0
  1772 | D:3      | Learned a level 2 spell: Jinxbite
  1949 | D:3      | XOM: give mutation
  1949 | D:3      | Gained mutation: You have hidden genetic potential. [Xom's
                  | mischief]
  2110 | D:4      | Found a hide-covered altar of Uskayaw.
  2113 | D:4      | XOM: confuse monster(s)
  2166 | D:4      | Identified the +6 mace of Moderation {freeze, rN++ Str-2}
  2538 | D:4      | Reached XP level 6. HP: 47/49 MP: 0/0
  2538 | D:4      | XOM: cast spell 'Call Canine Familiar'
  2541 | D:4      | Reached skill level 5 in Fighting
  2798 | D:4      | Noticed Sigmund
  2803 | D:4      | XOM: summons 2 hostile shadow creatures
  2808 | D:4      | XOM: smoke on damage
  2818 | D:4      | Killed Sigmund
  2819 | D:4      | Reached XP level 7. HP: 27/55 MP: 0/0
  2819 | D:4      | Learned a level 2 spell: Momentum Strike
  2821 | D:4      | Gained mutation: Your spells are a little harder to cast,
                  | but a little more powerful. [hidden potential]
  2948 | D:4      | XOM: give mutations
  2948 | D:4      | Gained mutation: You have a somewhat thin skeletal
                  | structure. (Dex +2, Stealth+) [Xom's mischief]
  2948 | D:4      | Gained mutation: Your body sometimes deteriorates upon
                  | taking damage. [Xom's mischief]
  3321 | D:4      | Reached skill level 6 in Fighting
  3568 | D:5      | Entered Level 5 of the Dungeon
  3642 | D:5      | XOM: 1-stop teleportation journey
  3854 | D:5      | Noticed Pikel
  3857 | D:5      | XOM: noise
  3858 | D:5      | XOM: stat loss: -1 Str (8/9)
  3861 | D:5      | XOM: scenery: create altars
  3865 | D:5      | XOM: chaos cloud
  3870 | D:5      | Killed Pikel
  3871 | D:5      | Reached skill level 7 in Fighting
  3871 | D:5      | Reached XP level 8. HP: 7/64 MP: 0/0
  3878 | D:5      | Gained mutation: You passively dampen the noise of your
                  | surroundings. [hidden potential]
  3878 | D:5      | Lost mutation: You have hidden genetic potential. [hidden
                  | potential expressed]
  4080 | D:5      | XOM: give mutations
  4080 | D:5      | Gained mutation: You are weak. (Str -2) [Xom's mischief]
  4080 | D:5      | Gained mutation: You have hidden genetic defects. [Xom's
                  | mischief]
  4371 | D:6      | XOM: torment (32/64 hp)
  4383 | D:6      | Reached skill level 5 in Spellcasting
  4383 | D:6      | Reached skill level 5 in Conjurations
  4383 | D:6      | Reached skill level 5 in Hexes
  4383 | D:6      | Reached skill level 5 in Summonings
  4383 | D:6      | Reached skill level 5 in Necromancy
  4383 | D:6      | Reached skill level 5 in Translocations
  4383 | D:6      | Reached skill level 5 in Transmutations
  4383 | D:6      | Reached skill level 5 in Fire Magic
  4383 | D:6      | Reached skill level 5 in Ice Magic
  4383 | D:6      | Reached skill level 5 in Air Magic
  4383 | D:6      | Reached skill level 5 in Earth Magic
  4383 | D:6      | Reached skill level 5 in Poison Magic
  4387 | D:6      | XOM: divination: detect items
  4435 | D:6      | XOM: scenery: create altars
  4459 | D:6      | Reached skill level 8 in Fighting
  4459 | D:6      | Reached XP level 9. HP: 37/70 MP: 0/0
  4459 | D:6      | Learned a level 3 spell: Gell's Gravitas
  4463 | D:6      | Found Qepp's Firing Range.
  4468 | D:6      | Gained mutation: You occasionally lose the ability to drink
                  | potions when taking damage. [hidden defects]
  4665 | D:6      | XOM: silly message
  4670 | D:6      | XOM: divination: detect items
  4690 | D:6      | XOM: 4-stop teleportation journey
  4707 | D:6      | Noticed Eustachio
  4709 | D:6      | Gained mutation: You are clumsy. (Dex -2) [hidden defects]
  4709 | D:6      | Lost mutation: You have hidden genetic defects. [hidden
                  | defects expressed]
  4720 | D:6      | XOM: divination: detect items
  4721 | D:6      | Killed Eustachio
  4741 | D:6      | Found a glowing drain.
  4750 | D:6      | XOM: swap monsters
  4753 | D:6      | XOM: give mutations
  4753 | D:6      | Lost mutation: You are clumsy. (Dex -2) [Xom's mischief]
  4753 | D:6      | Lost mutation: Your body sometimes deteriorates upon taking
                  | damage. [Xom's mischief]
  4770 | Sewer    | XOM: noise
  4770 | Sewer    | Entered a sewer
  5046 | Sewer    | Reached skill level 9 in Fighting
  5050 | Sewer    | XOM: scenery: create altars
  5673 | D:7      | HP: 2/72 [wight/+0 spear (7)]
  5675 | D:7      | Mangled by a wight

Illustrated notes

Levels and vault maps discovered:
D:1:      psy_arrival_statuary, layout_basic
D:2:      layout_loops_ring, basic_altar
D:3:      layout_loops_ring
D:4:      layout_basic, mainiacjoe_overflow_24_doors, serial_bayou_lagoon_a,
          uniq_sigmund
D:5:      layout_loops_ring, kennysheep_windowed_goal, uniq_blork_the_orc,
          uniq_pikel
D:6:      layout_rooms, portal_sewer_entry_b, nicolae_shop_firing_range,
          uniq_eustachio
D:7:      layout_basic, lemuel_zombie_altar_kikubaaqudgha,
          nicolae_ashenzari_panopticon, lemuel_tele_altar,
          minmay_temple_entry_mist

Skill      XL: |  1  2  3  4  5  6  7  8  9 |
---------------+----------------------------+-----
Spellcasting   | 1 2 3 4 5 6 |  6.3
Conjurations   | 1 2 3 4 5 6 |  6.3
Hexes          | 1 2 3 4 5 6 |  6.3
Summonings     | 1 2 3 4 5 6 |  6.3
Necromancy     | 1 2 3 4 5 6 |  6.3
Translocations | 1 2 3 4 5 6 |  6.3
Transmutations | 1 2 3 4 5 6 |  6.3
Fire Magic     | 1 2 3 4 5 6 |  6.3
Ice Magic      | 1 2 3 4 5 6 |  6.3
Air Magic      | 1 2 3 4 5 6 |  6.3
Earth Magic    | 1 2 3 4 5 6 |  6.3
Poison Magic   | 1 2 3 4 5 6 |  6.3
Fighting       | 4 5 7 8 9 |  9.2
Long Blades    | |  2.6
Armour         | |  1.0
Dodging        | |  2.1

Action                     |  1- 3 |  4- 6 |  7- 9 || total
---------------------------+-------+-------+-------++-------
  Melee: Falchion          |    68 |       |       ||    68
         Whip              |    50 |   105 |       ||   155
         Punch             |     1 |       |     4 ||     5
         Mace              |       |    65 |   244 ||   309
   Cast: Jinxbite          |       |     2 |     1 ||     3
         Slow              |       |     1 |     4 ||     5
  Evoke: Wand              |       |       |     9 ||     9
    Use: Scroll            |       |       |    18 ||    18
   Stab: Sleeping          |     3 |       |     6 ||     9
 Armour: Leather armour    |   114 |   131 |   254 ||   499
  Dodge: Dodged            |    99 |   107 |   200 ||   406

Table legend: (Time is in decaauts)
 A = Elapsed time spent in this place.
 B = Non-inter-level travel time spent in this place.
 C = Inter-level travel time spent in this place.
 D = Time resting spent in this place.
 E = Time spent auto-exploring this place.
 F = Levels seen in this place.
 G = Mean time per level.
                   A        B        C        D        E       F      G
               +--------+--------+--------+--------+--------+-----+--------+
         Total |   5823 |   5630 |    193 |     97 |   3982 |   8 |  727.9 |
       Dungeon |   5201 |   5008 |    193 |     90 |   3605 |   7 |  743.0 |
         Sewer |    621 |    621 |      0 |      7 |    377 |   1 |  621.0 |
               +--------+--------+--------+--------+--------+-----+--------+

Top non-repeatable levels by time:
     D:4: 1542 daAuts
     D:1: 842 daAuts
     D:5: 816 daAuts
     D:6: 683 daAuts
     D:2: 662 daAuts
   Sewer: 621 daAuts
     D:3: 591 daAuts
     D:7: 62 daAuts
